 Dungeon Crawl Stone Soup version 0.28-a0-245-g639a1a48b9 (webtiles) character file.

Game seed: 10770354679367806290

184 siradein the Slasher (level 5, -2/54 HPs)
             Began as an Ogre Berserker on Aug 25, 2021.
             Was a Believer of Trog.
             Slain by a scorpion (8 damage)
             ... on level 4 of the Dungeon.
             The game lasted 00:06:05 (3479 turns).

siradein the Slasher (Ogre Berserker)               Turns: 3479, Time: 00:06:06

Health: -2/54      AC:  3    Str: 22    XL:     5   Next: 63%
Magic:  5/5        EV: 10    Int:  8    God:    Trog [**....]
Gold:   162        SH:  0    Dex:  8    Spells: 4/4 levels left

rFire   . . .      SeeInvis .   a - +0 falchion
rCold   . . .      Faith    +   (no shield)
rNeg    . . .      Spirit   .   b - +0 animal skin
rPois   .          Reflect  .   (helmet restricted)
rElec   .          Harm     .   (no cloak)
rCorr   .          Rampage  .   (gloves unavailable)
Will    ++...                   (boots unavailable)
Stlth   +.........              m - amulet of faith
HPRegen 1.18/turn               (no ring)
MPRegen 0.09/turn               (no ring)

@: lethally poisoned (-2 -> -5), strong-willed, regenerating
A: large, unfitting armour, tough skin 1
a: Renounce Religion, Berserk, Trog's Hand


You were on level 4 of the Dungeon.
You worshipped Trog.
Trog was pleased with you.
You visited 1 branch of the dungeon, and saw 4 of its levels.

You collected 162 gold pieces.

Inventory:

Hand Weapons
 a - a +0 falchion (weapon)
Armour
 b - a +0 animal skin (worn)
Jewellery
 e - a ring of ice
 k - an amulet of regeneration
 l - an amulet of guardian spirit
 m - an amulet of faith (around neck)
 n - a ring of fire
Scrolls
 c - a scroll of enchant armour {unknown}
 d - 4 scrolls of identify {unknown}
 f - 3 scrolls of noise {unknown}
 g - 2 scrolls of teleportation {unknown}
 i - a scroll of enchant weapon {unknown}
 j - a scroll of fog {unknown}
Potions
 h - a potion of invisibility


   Skills:
 - Level 4.0 Fighting
 + Level 5.6 Long Blades
 - Level 2.6 Dodging


You had 4 spell levels left.
You didn't know any spells.
Your spell library was empty.

Dungeon Overview and Level Annotations

Branches:
Dungeon (4/15)
 Temple: D:4-7

Altars:
Ashenzari
Makhleb
Sif Muna
Uskayaw
Vehumet
Wu Jian
The Shining One

Shops:
D:3 [


Innate Abilities, Weirdness & Mutations

You are too large for most types of armour.
You have tough skin. (AC +1)


Message History

The scorpion stings you. x2
You are poisoned.
The scorpion poisons you!
You closely miss the scorpion.
The scorpion is heavily wounded.
You feel very sick. The scorpion stings you.
You barely miss the scorpion.
The scorpion is heavily wounded.
You feel sick.
The scorpion stings you but does no damage.
You hit the scorpion but do no damage.
The scorpion is heavily wounded.
You feel sick. The scorpion stings you.
You closely miss the scorpion.
The scorpion is heavily wounded.
You feel sick. The scorpion stings you.
You are more poisoned.
The scorpion poisons you! The scorpion stings you.
You are lethally poisoned!
The scorpion poisons you!
Your skin crawls.
You feel strong-willed.
You feel very sick. The scorpion misses you.
You hit the scorpion.
The scorpion is severely wounded.
You feel very sick. The scorpion barely misses you.
You riposte.
You hit the scorpion.
The scorpion is almost dead.
You hit the scorpion.
The scorpion is almost dead.
You feel very sick. The scorpion stings you.
* * * LOW HITPOINT WARNING * * *
You closely miss the scorpion.
The scorpion is almost dead.
You feel very sick. The scorpion stings you!
You die...

..........# ###
#.......... ##.###
...........
#####....###..........
#...#...#.............
#...##.##.......#(....
##.........#....#.....
#.........#...†.......
##$..@....###..).###..
#...s..>.# #...## ..
#..........##..#####..
#..............###..#>.
#....................#.>
...........##..........#
##....#....#.....#......
##...#.#........##.#...
#.......##.#.#.


You could see a scorpion.

Vanquished Creatures
  A water moccasin zombie (D:4)
  Robin (D:3)
  5 adders
  3 worms
  A dart slug (D:2)
  An orc (D:4)
  7 endoplasms
  10 goblins
  5 hobgoblins
  4 jackals
  5 quokkas
  4 ball pythons
  2 bats
  5 frilled lizards
  4 kobolds
  6 rats
64 creatures vanquished.

Notes
Turn   | Place    | Note
-------+----------+-------------------------------------------
     0 | D:1      | siradein the Ogre Berserker began the quest for the Orb.
     0 | D:1      | Reached XP level 1. HP: 24/24 MP: 1/1
   310 | D:1      | Reached skill level 3 in Long Blades
   321 | D:1      | Reached XP level 2. HP: 24/32 MP: 2/2
  1412 | D:2      | Found a glowing golden altar of the Shining One.
  1418 | D:2      | Reached XP level 3. HP: 35/39 MP: 3/3
  1495 | D:2      | Reached ** piety under Trog
  1617 | D:2      | Reached skill level 4 in Long Blades
  2248 | D:3      | Noticed Robin
  2280 | D:3      | Reached XP level 4. HP: 35/48 MP: 4/4
  2294 | D:3      | Killed Robin
  2406 | D:3      | Found an ornate altar of the Wu Jian Council.
  2407 | D:3      | Found a broken altar of Ashenzari.
  2407 | D:3      | Found a shimmering blue altar of Sif Muna.
  2409 | D:3      | Found a radiant altar of Vehumet.
  2410 | D:3      | Found a hide-covered altar of Uskayaw.
  2594 | D:3      | Found Vuxipte's Armour Emporium.
  3252 | D:3      | Found a burning altar of Makhleb.
  3297 | D:4      | Reached skill level 5 in Long Blades
  3310 | D:4      | Reached XP level 5. HP: 31/54 MP: 5/5
  3454 | D:4      | Reached *** piety under Trog
  3479 | D:4      | Slain by a scorpion

Illustrated notes

Levels and vault maps discovered:
D:1:      kilobyte_arrival_exit_the_forest, layout_loops_cross
D:2:      layout_basic, basic_altar, guppyfry_early_lair_pool
D:3:      layout_basic, lemuel_doored_altar, grunt_temple_overflow_open,
          serial_co_window_serial, co_window_of_opportunity_a,
          co_window_paths_a, co_window_cross_1, co_window_paths_b,
          co_window_corner_a, co_window_corner_a, co_window_of_opportunity_a,
          co_window_of_opportunity_c, co_window_broadway_c,
          co_window_broadway_a, co_window_of_opportunity_b, co_window_sun,
          glass_columns_a, glass_columns_a, glass_columns_a, serial_shops, shop,
          uniq_robin
D:4:      layout_cave_pools, uniq_ijyb

Skill      XL: |  1  2  3  4 |
---------------+-------------+-----
Long Blades    | 3 4 5 |  5.6
Fighting       | |  4.0
Dodging        | |  2.6

Action                   |  1- 3 |  4- 6 || total
-------------------------+-------+-------++-------
Melee: Falchion          |   122 |    92 ||   214
Invok: Trog's Hand       |       |     1 ||     1
 Stab: Sleeping          |     1 |     1 ||     2
Armor: Animal skin       |    28 |    16 ||    44
Dodge: Dodged            |    69 |    46 ||   115
       Rpst.: Falchion   |    22 |    21 ||    43

Table legend: (Time is in decaauts)
 A = Elapsed time spent in this place.
 B = Non-inter-level travel time spent in this place.
 C = Inter-level travel time spent in this place.
 D = Time resting spent in this place.
 E = Time spent auto-exploring this place.
 F = Levels seen in this place.
 G = Mean time per level.
                   A        B        C        D        E       F      G
               +--------+--------+--------+--------+--------+-----+--------+
         Total |   3509 |   3421 |     88 |      0 |   2935 |   4 |  877.2 |
       Dungeon |   3509 |   3421 |     88 |      0 |   2935 |   4 |  877.2 |
               +--------+--------+--------+--------+--------+-----+--------+

Top non-repeatable levels by time:
     D:1: 1384 daAuts
     D:3: 1100 daAuts
     D:2: 832 daAuts
     D:4: 191 daAuts
